 Dungeon Crawl Stone Soup version 0.32-a0-699-g1ee5eff69a (webtiles) character file.

Game seed: 16428271855237245363

636 Midn8 the Purveyor of Pain (level 7, 0/37 HPs)
             Began as a Vine Stalker Necromancer on Mar 13, 2024.
             Was an Initiate of Kikubaaqudgha.
             Succumbed to a scorpion's poison
             ... on level 6 of the Dungeon.
             The game lasted 00:16:47 (5695 turns).

Midn8 the Purveyor of Pain (VSNe)                   Turns: 5695, Time: 00:16:48

Health: 0/37       AC:  5    Str: 10    XL:     7   Next: 50%
Magic:  9/13       EV: 11    Int: 15    God:    Kikubaaqudgha [......]
Gold:   343        SH:  0    Dex: 17    Spells: 9/13 levels left

rFire   . . .        h - +2 dagger (elec)
rCold   . . .        (no shield)
rNeg    . . .        a - +0 robe
rPois   .            e - +0 helmet
rElec   .            m - +0 cloak
rCorr   .            c - +0 pair of gloves
SInv    .            (no boots)
Will    .....        (no amulet)
Stlth   +++          (no ring)
HPRegen 1.06/turn    (no ring)
MPRegen 0.13/turn

%: guardian spirit
@: lethally poisoned (0 -> -4)
A: fangs 2, regeneration 1, magic shield, antimagic bite, no potion heal 2
a: Renounce Religion


You were on level 6 of the Dungeon.
You worshipped Kikubaaqudgha.
Kikubaaqudgha was noncommittal.
You visited 1 branch of the dungeon, and saw 6 of its levels.

You collected 343 gold pieces.

Inventory:

Hand Weapons
 d - a +3 dagger
 h - a +2 dagger of electrocution (weapon)
Armour
 a - a +0 robe (worn)
 c - a +0 pair of gloves (worn)
 e - a +0 helmet (worn)
 m - a +0 cloak (worn)
Talismans
 g - a maw talisman
Scrolls
 j - a scroll of enchant weapon {unknown}
 l - a scroll of summoning {unknown}
 n - a scroll of vulnerability
 p - a scroll of revelation {unknown}
 q - a scroll of amnesia {unknown}
Potions
 b - 2 potions of magic
 f - a potion of enlightenment
 k - 2 potions of brilliance
 o - a potion of might {unknown}
 r - a potion of attraction {unknown}


   Skills:
 - Level 4.0 Fighting
 + Level 3.1 Short Blades
 - Level 1.5 Dodging
 - Level 4.0 Stealth
 - Level 3.5 Spellcasting
 - Level 5.3 Necromancy


You had 9 spell levels left.
You knew the following spells:

 Your Spells              Type           Power      Damage    Failure   Level
a - Necrotise             Necr           72%        1d7       2%          1
v - Vampiric Draining     Necr           18%        2d7       6%          3

Your spell library contained the following spells:

 Spells                   Type           Power      Damage    Failure   Level
 Sublimation of Blood     Necr           18%        N/A       3%          2
 Slow                     Hex            8%         N/A       19%         1
 Animate Dead             Necr           18%        N/A       22%         4
 Curse of Agony           Necr           18%        N/A       52%         5
 Petrify                  Alch/Erth      2%         N/A       88%         4
 Irradiate                Conj/Alch      1%         3d12      99%         5


Dungeon Overview and Level Annotations

Branches:
Dungeon (6/15)             Temple (0/1) D:4

Altars:
Kikubaaqudgha
Sif Muna
Yredelemnul

Annotations:
D:3 Grinder


Innate Abilities, Weirdness & Mutations

You have extremely sharp teeth.
Your natural rate of healing is unusually fast.
When hurt, damage is shared between your health and your magic reserves.
Your bite disrupts and absorbs the magic of your enemies.
Potions cannot restore your health.


Message History

Nothing appears to happen.
The hound bites you. The hound closely misses you.
Unknown command.
As you read the scroll of teleportation, it crumbles to dust.
You feel strangely unstable. The hound completely misses you.
The hound misses you. The hound bites you. The hound bites you.
* * * LOW HITPOINT WARNING * * *
Your surroundings suddenly seem different.
A scorpion comes into view.
Your magical contamination has completely faded away.
You are no longer corroded.
The scorpion attacks as it pursues you! The scorpion closely misses you.
The scorpion stings you.
You are poisoned.
The scorpion poisons you!
You feel very sick.
You feel very sick. The scorpion attacks as it pursues you!
The scorpion stings you.
* * * LOW HITPOINT WARNING * * *
You hit the scorpion. Lightning courses through the scorpion!
You bite the scorpion. You drain its power.
You feel invigorated.
The scorpion is severely wounded.
You feel sick.
The scorpion stings you but does no damage.
You hit the scorpion.
The scorpion is almost dead.
You feel sick. The scorpion stings you.
* * * LOW HITPOINT WARNING * * *
You are lethally poisoned!
The scorpion poisons you!
Your system rejects the healing.
You feel better. The scorpion stings you!
* * * LOW HITPOINT WARNING * * *
You are lethally poisoned!
The scorpion poisons you!
You hit the scorpion but do no damage. You bite the scorpion.
You drain its power.
You feel invigorated.
The scorpion is almost dead.
You die...
Kikubaaqudgha rasps: You have failed me!
Welcome... death!

#......#............#
.......#............+
.......#............#
.....#............#
....#............#
#####'######+##.....#
#.....K.......'.....+
#.....Kh.h....#s....#
#.............#@..[.#
#.............#<....#
#...#####.....#.....#
#####..h###...#.....#
#.....##...#.....#
#..>.>..#...#.)...#
#.......#...#.....#
#.$.>...#...#.....#
##.....##...#.....#


You could see a scorpion.

Vanquished Creatures
  A black bear (D:5)
  A centaur (D:6)
  A phantom (D:5)
  A scorpion (D:5)
  2 bombardier beetles
  A jelly (D:6)
  2 orc priests (D:5)
  2 orc wizards (D:5)
  6 adders
  2 dart slugs
  5 orcs (D:5)
  6 endoplasms
  3 giant cockroaches
  9 goblins
  7 hobgoblins
  5 jackals
  6 quokkas
  5 ball pythons
  7 bats
  2 frilled lizards
  2 kobolds
  6 rats
82 creatures vanquished.

Vanquished Creatures (collateral kills)
  A jackal (D:2)
1 creature vanquished.

Grand Total: 83 creatures vanquished

Notes
Turn   | Place    | Note
-------+----------+-------------------------------------------
     0 | D:1      | Midn8 the Vine Stalker Necromancer began the quest for the
                  | Orb.
     0 | D:1      | Reached XP level 1. HP: 9/9 MP: 4/4
   139 | D:1      | Found a faded altar of an unknown god.
   153 | D:1      | Got Plato's Tome of Misfortune
   360 | D:1      | Reached XP level 2. HP: 13/13 MP: 2/6
  1420 | D:2      | Reached XP level 3. HP: 16/16 MP: 6/9
  2402 | D:3      | Noticed Grinder
  2408 | D:3      | Learned a level 3 spell: Vampiric Draining
  2672 | D:3      | Reached XP level 4. HP: 21/21 MP: 10/10
  3500 | D:4      | Reached XP level 5. HP: 24/24 MP: 6/11
  3740 | D:4      | Found an ancient bone altar of Kikubaaqudgha.
  3743 | D:4      | Reached skill level 5 in Necromancy
  3746 | D:4      | Became a worshipper of Kikubaaqudgha
  3796 | D:4      | Found a staircase to the Ecumenical Temple.
  4066 | D:4      | Noticed a wyvern
  4396 | D:5      | Entered Level 5 of the Dungeon
  4551 | D:5      | Found a basalt altar of Yredelemnul.
  4560 | D:5      | Noticed a phantom
  4566 | D:5      | Killed a phantom
  4567 | D:5      | Reached XP level 6. HP: 27/30 MP: 9/12
  4773 | D:5      | Noticed a black bear
  4783 | D:5      | Killed a black bear
  5098 | D:5      | Reached XP level 7. HP: 37/37 MP: 9/13
  5117 | D:5      | Reached skill level 1 in Short Blades
  5318 | D:5      | Found a shimmering blue altar of Sif Muna.
  5695 | D:6      | Succumbed to a scorpion's poison

Illustrated notes

Levels and vault maps discovered:
D:1:      matt_arrival_los_fun, layout_basic,
          shapermc_ecumenical_altar_rom_forum
D:2:      layout_loops_corners, roderic_serpentine_path
D:3:      layout_loops_ring, patterned_corridor, uniq_grinder
D:4:      layout_layer_cave, marbit_many_paths, minmay_temple_entry_mist,
          lightli_corner_chamber
D:5:      layout_loops_cross, led_sif_book, lemuel_tele_altar,
          minmay_misc_feat_rows
D:6:      layout_gridville, mainiacjoe_overflow_paths,
          ebering_ghost_reflecting_pool, serial_shops, shop,
          kennysheep_windowed_goal

Skill      XL: |  1  2  3  4  5  6  7 |
---------------+----------------------+-----
Spellcasting   | 3 |  3.5
Stealth        | 4 |  4.0
Necromancy     | 5 |  5.3
Fighting       | 2 4 |  4.0
Short Blades   | 3 |  3.1
Dodging        | |  1.5

Action                     |  1- 3 |  4- 6 |  7- 9 || total
---------------------------+-------+-------+-------++-------
  Melee: Dagger            |    30 |    57 |    14 ||   101
         Bite              |     3 |    15 |     6 ||    24
   Cast: Necrotise         |    62 |    41 |    20 ||   123
         Vampiric Draining |       |     3 |     1 ||     4
    Use: Scroll            |     3 |     3 |     1 ||     7
         Potion            |       |     1 |     1 ||     2
   Stab: Sleeping          |     2 |     8 |     1 ||    11
 Armour: Robe              |    18 |    38 |    26 ||    82
  Dodge: Dodged            |    21 |    38 |    11 ||    70

Table legend: (Time is in decaauts)
 A = Elapsed time spent in this place.
 B = Non-inter-level travel time spent in this place.
 C = Inter-level travel time spent in this place.
 D = Time resting spent in this place.
 E = Time spent auto-exploring this place.
 F = Levels seen in this place.
 G = Mean time per level.
                   A        B        C        D        E       F      G
               +--------+--------+--------+--------+--------+-----+--------+
         Total |   5691 |   5492 |    199 |   1120 |   3636 |   6 |  948.5 |
       Dungeon |   5691 |   5492 |    199 |   1120 |   3636 |   6 |  948.5 |
               +--------+--------+--------+--------+--------+-----+--------+

Top non-repeatable levels by time:
     D:1: 1328 daAuts
     D:5: 1241 daAuts
     D:2: 1084 daAuts
     D:3: 1039 daAuts
     D:4: 942 daAuts
     D:6: 55 daAuts
